 Dungeon Crawl Stone Soup version 0.17.0-28-g6e173f8 (webtiles) character file.

67 homeworkjunkie the Sneak (level 4, -2/23 HPs)
             Began as a Spriggan Assassin on Nov 30, 2015.
             Killed from afar by Ijyb (13 damage)
             ... with a wand of frost
             ... on level 2 of the Dungeon.
             The game lasted 00:03:09 (1579 turns).

homeworkjunkie the Sneak (Spriggan Assassin)        Turns: 1579, Time: 00:03:09

Health: -2/23      AC:  3    Str:  7    XL:     4   Next: 0%
Magic:  5/5        EV: 17    Int: 12    God:
Gold:   80         SH:  0    Dex: 18    Spells: 0 memorised, 3 levels left

rFire  . . .     SeeInvis +     b - +0 blowgun
rCold  . . .     Clarity  .     c - +0 robe
rNeg   . . .     SustAt   .     (shield restricted)
rPois  .         Gourm    .     (helmet restricted)
rElec  .         Spirit   .     d - +0 cloak
rCorr  .         Warding  .     (gloves unavailable)
rMut   .         Stasis   .     (boots unavailable)
MR     .....                    (no amulet)
Stlth  ++++......               (no ring)
                                (no ring)

@: very quick, not resistant to hostile enchantments, stealthy
A: unfitting armour, see invisible, herbivore 3, speed 3, slow metabolism 2
a: no special abilities


You were on level 2 of the Dungeon.
You were not hungry.

You visited 1 branch of the dungeon, and saw 2 of its levels.

You collected 80 gold pieces.

Inventory:

Hand Weapons
 a - a +0 dagger of venom
 b - a +0 blowgun (weapon)
 q - a +0 hunting sling
Missiles
 e - 21 sling bullets
 f - a curare-tipped needle
 p - 13 poisoned needles (quivered)
Armour
 c - a +0 robe (worn)
 d - a +0 cloak (worn)
Scrolls
 k - 2 scrolls of identify
 l - 2 scrolls of teleportation
 m - a scroll of remove curse {unknown}
 o - a scroll of immolation {unknown}
Potions
 h - 3 potions of curing
 i - a potion of resistance {unknown}
 r - a potion of agility {unknown}
Comestibles
 g - 2 bread rations
 j - a royal jelly
 n - a slice of pizza


   Skills:
 * Level 2.0 Fighting
 * Level 2.7 Short Blades
 * Level 2.2 Throwing
 * Level 1.9 Dodging
 * Level 7.4 Stealth


You had 3 spell levels left.
You didn't know any spells.

Dungeon Overview and Level Annotations

Branches:
Dungeon (2/15)

Altars:

Annotations:
D:2 Ijyb


Innate Abilities, Weirdness & Mutations

You are tiny and cannot use many weapons and most armour.
You have supernaturally acute eyesight.
You are a herbivore.
You cover ground extremely quickly.
You need consume almost no food.


Message History

Press: ? - help, Shift-Dir - straight line, f - goblin
Aim: a goblin, wielding a club You shoot a poisoned needle.
The poisoned needle hits the goblin!
The goblin is poisoned.
You kill the goblin!
You have reached level 4!
Firing (i - inventory. (,) - cycle):
p - 15 poisoned needles (quivered)
Press: ? - help, Shift-Dir - straight line, f - Ijyb
Aim: Ijyb, wielding a dagger of venom and wearing a leather armour You shoot a poisoned needle.
The poisoned needle hits Ijyb!
Ijyb is poisoned.
Ijyb zaps a wand.
The puff of frost hits you!
It is a wand of frost.
Firing (i - inventory. (,) - cycle):
p - 14 poisoned needles (quivered)
Press: ? - help, Shift-Dir - straight line, f/p - Ijyb
Aim: Ijyb, wielding a dagger of venom, wearing a leather armour and carrying a wand of frost {zapped: 1} (poisoned)
You shoot a poisoned needle.
The poisoned needle completely misses Ijyb.
Ijyb zaps a wand.
The puff of frost hits you!
Ijyb zaps a wand.
The puff of frost hits you!
Ouch! That really hurt!
You die...

######## #####
#......# #..≈≈##
#......+ .≈≈≈#
#g.....# ≈≈≈#####
#''##@.#########≈≈#...
#...#...÷......#≈≈#.##
#.).#..........'....##
#.g.#..........'......
#...#..........'....#.
#...#..........#≈≈#.#.
#...#..#########≈≈#...
#.(.#..# #..≈≈≈###.#
#..+ +g.≈≈≈# #..


You could see Ijyb.

Vanquished Creatures
  3 adders (D:2)
  An ooze (D:1)
  2 bats (D:1)
  4 giant cockroaches
  10 goblins
  3 hobgoblins
  2 jackals (D:2)
  3 kobolds (D:1)
  A ball python (D:2)
  A giant newt (D:1)
  5 rats
35 creatures vanquished.

Notes
Turn   | Place    | Note
--------------------------------------------------------------
     0 | D:1      | homeworkjunkie the Spriggan Assassin began the quest for the Orb.
     0 | D:1      | Reached XP level 1. HP: 10/10 MP: 2/2
     0 | D:1      | Noticed a draconian skeleton
     0 | D:1      | Noticed a human skeleton
     2 | D:1      | Noticed a minotaur skeleton
     4 | D:1      | Noticed a vine stalker skeleton
     8 | D:1      | Noticed a human skeleton
    13 | D:1      | Noticed a human skeleton
    14 | D:1      | Noticed a troll skeleton
    15 | D:1      | Noticed a troll skeleton
    15 | D:1      | Noticed a merfolk skeleton
    17 | D:1      | Noticed a spriggan skeleton
    60 | D:1      | Reached skill level 6 in Stealth
   165 | D:1      | Reached XP level 2. HP: 13/15 MP: 3/3
   539 | D:2      | Reached XP level 3. HP: 18/18 MP: 4/4
   592 | D:2      | Reached skill level 7 in Stealth
  1565 | D:2      | Noticed Ijyb
  1568 | D:2      | Reached XP level 4. HP: 23/23 MP: 5/5
  1579 | D:2      | Killed from afar by Ijyb

Action                   |  1- 3 |  4- 6 || total
-------------------------+-------+-------++-------
Melee: Dagger            |    65 |       ||    65
 Fire: Blowgun           |    12 |     2 ||    14
  Use: Scroll            |     4 |       ||     4
 Stab: Sleeping          |    16 |       ||    16
